 Dungeon Crawl Stone Soup version 0.29.1-1-gd02db6906a (webtiles) character file.

Game seed: 3476082384811432003

25593 RogueRain17 the Artisan of Death (level 12, 0/78 HPs)
             Began as a Demonspawn Gladiator on Sept 18, 2022.
             Was a Priest of Kikubaaqudgha.
             Slain by a harpy simulacrum (9 damage)
             ... in an ice cave.
             The game lasted 01:51:40 (20551 turns).

RogueRain17 the Artisan of Death (DsGl)            Turns: 20551, Time: 01:51:41

Health: 0/78       AC:  7    Str: 17    XL:     12   Next: 90%
Magic:  1/15       EV: 21    Int: 11    God:    Kikubaaqudgha [***...]
Gold:   1905       SH:  5    Dex: 26    Spells: 0/15 levels left

rFire   + . .      SeeInvis .   e - +5 dagger (elec)
rCold   + . .      Faith    .   (no shield)
rNeg    . . .      Spirit   .   w - +0 leather armour {rC+ rF+}
rPois   +          Reflect  +   b - +2 helmet
rElec   .          Harm     .   (no cloak)
rCorr   .          Rampage  .   (no gloves)
Will    .....                   (no boots)
Stlth   ++++......              k - amulet of reflection
HPRegen 0.23/turn               i - ring of poison resistance
MPRegen 0.14/turn               J - +6 ring of dexterity

@: no status effects
A: thin skeletal structure 2, demonic guardian 1, demonic magic 2, demonic touch
2
a: Renounce Religion, Unearth Wretches


You were in an ice cave.
You worshipped Kikubaaqudgha.
Kikubaaqudgha was most pleased with you.
You visited 4 branches of the dungeon, and saw 17 of its levels.
You also visited: Bailey and Ice Cave.

You collected 1905 gold pieces.

Inventory:

Hand Weapons
 e - a +5 dagger of electrocution (weapon)
 j - a +1 dagger of protection
 G - the +8 war axe of the Damp God {vorpal, rPois Will+ MP-9}
   (You found it in a bailey)

   It inflicts extra damage upon your enemies.
   rPois:     It protects you from poison.
   MP:        It affects your magic capacity (-9).
   Will:      It increases your willpower.
Missiles
 c - 2 throwing nets
 d - 10 javelins
 x - a boomerang of dispersal
 F - 11 boomerangs (quivered)
Armour
 a - a +0 leather armour
 b - a +2 helmet (worn)
 w - a +0 leather armour of resistance (worn)
Jewellery
 i - a ring of poison resistance (left hand)
 k - an amulet of reflection (around neck)
 E - a +4 ring of protection
 J - a +6 ring of dexterity (right hand)
Wands
 h - a wand of light (11)
 p - a wand of flame (17)
 q - a wand of polymorph (3)
 y - a wand of paralysis (10)
 K - a wand of iceblast (5)
 Q - a wand of mindburst (6)
Scrolls
 f - 7 scrolls of teleportation
 u - 2 scrolls of noise
 B - 2 scrolls of brand weapon
 D - 2 scrolls of enchant weapon
 O - 2 scrolls of vulnerability
Potions
 g - 2 potions of heal wounds
 l - 2 potions of haste {unknown}
 m - 4 potions of might
 n - 5 potions of mutation {unknown}
 o - 2 potions of berserk rage
 r - 4 potions of lignification
 s - 3 potions of flight {unknown}
 t - 2 potions of cancellation {unknown}
 v - a potion of attraction
 z - 2 potions of curing {unknown}
 A - 2 potions of resistance
 L - a potion of experience {unknown}
 M - a potion of degeneration {unknown}
 P - a potion of invisibility {unknown}
Miscellaneous
 H - a piece from Xom's chessboard (15/15)


   Skills:
 - Level 2.0 Fighting
 - Level 10.0 Short Blades
 - Level 1.7 Throwing
 + Level 8.2 Armour
 - Level 10.0 Dodging
 - Level 3.4 Unarmed Combat
 - Level 2.0 Spellcasting
 * Level 14.2 Necromancy


You couldn't memorise any spells.
You knew the following spells:

 Your Spells              Type           Power      Damage    Failure   Level
a - Necrotise             Necr           100%       1d9       1%          1
b - Animate Dead          Necr           32%        N/A       1%          4
c - Dispel Undead         Necr           32%        3d14      1%          4
d - Death Channel         Necr           16%        N/A       14%         6

Your spell library contained the following spells:

 Spells                   Type           Power      Damage    Failure   Level
 Sublimation of Blood     Necr           32%        N/A       1%          2
 Agony                    Necr           32%        N/A       2%          5
 Anguish                  Hex/Necr       8%         N/A       19%         4
 Sandblast                Erth           2%         2d4       32%         1
 Sting                    Tmut/Pois      4%         1d3       32%         1
 Passwall                 Tmut/Erth      0%         N/A       45%         2
 Poisonous Vapours        Pois/Air       2%         N/A       45%         2
 Borgnjor's Vile Clutch   Necr/Erth      8%         N/A       45%         5
 Gell's Gravitas          Tloc           1%         N/A       69%         3
 Stone Arrow              Conj/Erth      2%         3d7       69%         3
 Teleport Other           Tloc           1%         N/A       69%         3
 Simulacrum               Ice/Necr       8%         N/A       95%         6
 Olgreb's Toxic Radiance  Pois           1%         N/A       97%         4
 Summon Ice Beast         Ice/Summ       1%         N/A       97%         4
 Borgnjor's Revivificati  Necr           16%        N/A       99%         8
 Summon Mana Viper        Hex/Summ       1%         N/A       100%        5
 Dispersal                Tloc           0%         N/A       100%        6
 Monstrous Menagerie      Summ           0%         N/A       100%        7
 Necromutation            Tmut/Necr      8%         N/A       100%        8
 Death's Door             Necr           16%        N/A       100%        9


Dungeon Overview and Level Annotations

Branches:
Dungeon (11/15)            Temple (1/1) D:4            Lair (4/5) D:11
 Shoals (0/4) Lair:2        Slime (0/5) Lair:4          Orc (1/2) D:10
 Bailey (visited)           IceCv (1/1)
  Snake: Lair:2-3    Spider: Lair:2-3

Altars:
Ashenzari
Cheibriados
Dithmenos
Fedhas
Gozag
Hepliaklqana
Kikubaaqudgha
Makhleb
Nemelex Xobeh
Okawaru
Qazlal
Ru
Sif Muna
Trog
Uskayaw
Vehumet
Wu Jian
Xom
Yredelemnul

Shops:
D:1 !

Annotations:
D:6 1 runed translucent door, Crazy Yiuf
D:8 3 runed translucent doors, Maggie; RascalDebosk's ghost, novice MiBe; ikaterino's ghost, novice DsGl; jimonade's ghost, journeyman DjFE
D:10 Nergalle; Sonja
D:11 Fannar; Snorg
Lair:4 1 runed translucent door


Innate Abilities, Weirdness & Mutations

You have a moderately thin skeletal structure. (Dex +4, Stealth++)
A weak demonic guardian rushes to your aid.
Spells you cast may paralyse nearby enemies.
Your touch may inflict irresistible damage on your foes.


Message History

Casting: Dispel Undead (dangerous; 1% risk of failure)
Confirm with . or Enter, or press ? or * to list all spells.
Aiming: Dispel Undead (dangerous; 1% risk of failure)
Press: ? - help, Shift-Dir - straight line, f - three-headed hydra simulacrum
Aim: a three-headed hydra simulacrum (ally target, 100% to hit)
The three-headed hydra simulacrum is dispelled!
Malevolent energies surge around you.
A harpy simulacrum comes into view.
The three-headed hydra simulacrum bites you.
A demonic guardian appears!
The three-headed hydra simulacrum freezes you!
You resist.
The three-headed hydra simulacrum completely misses you.
The three-headed hydra simulacrum closely misses you.
Unknown command.
You swap places.
The harpy simulacrum claws your quasit!
The harpy simulacrum freezes your quasit!
Your quasit resists.
Your quasit dies!
Your quasit disappears in a puff of smoke!
The three-headed hydra simulacrum bites your ice beast zombie!
The three-headed hydra simulacrum freezes your ice beast zombie.
Your ice beast zombie resists.
The three-headed hydra simulacrum bites your ice beast zombie.
The three-headed hydra simulacrum freezes your ice beast zombie.
Your ice beast zombie resists.
Your ice beast zombie is destroyed!
The harpy simulacrum misses you.
The harpy simulacrum closely misses you.
You hit the harpy simulacrum.
The harpy simulacrum is moderately damaged.
The harpy simulacrum claws you. The harpy simulacrum freezes you! You resist.
You block the harpy simulacrum's attack.
The harpy simulacrum claws you! The harpy simulacrum freezes you! You resist.
* * * LOW HITPOINT WARNING * * *
The harpy simulacrum claws you.
* * * LOW HITPOINT WARNING * * *
The harpy simulacrum freezes you! You resist.
You die...
Kikubaaqudgha rasps: "You have failed me!
Welcome... death!"

## # ..#°#
##..°☼.
##§.§...☼
###§○☼..○..
#####
#☼○☼☼°○.###
####.Z.###
§§.○○####
###...@#...#
#.#.##
##.....####Z.#
#####
###.....## ..#
##....#### .##
##....## ..
##...### $#
#..######### ##
##..Z##.Z..###
####....#.Z.###


You could see a harpy simulacrum.

Vanquished Creatures
  4 hydras
  A two-headed ogre (D:11)
  Amaemon (Lair:1)
  An ice statue (IceCv)
  2 black mambas
  An orange demon (Lair:1)
  2 elephants (Lair:4)
  5 cane toads
  2 rime drakes (IceCv)
  6 komodo dragons
  A polar bear (Lair:3)
  3 dream sheep (Lair:3)
  A blink frog (Lair:3)
  A snapping turtle (Lair:2)
  A dire elephant simulacrum (IceCv)
  2 wyverns
  2 shadows
  A vampire (D:5)
  A wraith (D:10)
  Grum (D:10)
  20 yaks
  A death yak simulacrum (Lair:4)
  A steam dragon (D:8)
  A warg (D:11)
  A harpy simulacrum (IceCv)
  2 acid dragons
  Edmund (D:6)
  4 water moccasins
  A hornet zombie (D:7)
  5 ice beasts
  9 orc warriors
  5 ogres
  2 black bears
  2 wolves (D:10)
  6 centaurs
  2 phantoms (D:4)
  7 kobold brigands
  8 bullfrogs
  5 necrophages (D:7)
  A two-headed ogre simulacrum (IceCv)
  A scorpion (D:5)
  3 cane toad simulacra (IceCv)
  8 wights
  16 killer bees
  2 electric eels (Lair:2)
  A howler monkey (D:9)
  4 hounds
  A jelly (D:5)
  6 orc priests
  4 iguanas
  Ijyb (D:3)
  8 orc wizards
  5 polar bear simulacra
  4 troll simulacra (IceCv)
  4 spriggan simulacra (IceCv)
  A howler monkey zombie (D:7)
  4 gnolls (D:7)
  6 adders
  9 naga simulacra (IceCv)
  A shadow imp (D:6)
  7 white imps (IceCv)
  7 ufetubi
  3 dart slugs
  43 orcs
  7 ball pythons
  10 endoplasms
  2 giant cockroaches
  12 goblins
  5 hobgoblins
  4 quokkas
  4 bats
  3 frilled lizards
  12 kobolds
  3 rats
334 creatures vanquished.

Vanquished Creatures (collateral kills)
  A boulder beetle (D:11)
  2 elephants (Lair:4)
  3 cane toads (Lair:1)
  A rime drake (IceCv)
  2 blink frogs (Lair:3)
  4 dream sheep (Lair:3)
  2 basilisks (Lair:3)
  9 yaks
  A redback (Lair:3)
  A death yak simulacrum (Lair:4)
  2 water moccasins
  An orc warrior (Bailey)
  3 kobold brigands (Bailey)
  2 bullfrogs
  3 killer bees (D:11)
37 creatures vanquished.

Vanquished Creatures (others)
  3 rime drakes (IceCv)
  3 hydra zombies
  2 black mamba zombies
  A cane toad zombie (Lair:4)
  2 ice beasts (IceCv)
  2 blink frog zombies (Lair:3)
  A rime drake zombie (IceCv)
  A kobold brigand (Bailey)
  A bullfrog (D:11)
  2 komodo dragon zombies
  A killer bee (D:11)
  5 yak zombies
  A bullfrog zombie (D:11)
  2 ice beast zombies (IceCv)
  6 bushes (D:7)
  8 fungi
  27 plants
68 creatures vanquished.

Grand Total: 439 creatures vanquished

Notes
Turn   | Place    | Note
-------+----------+-------------------------------------------
     0 | D:1      | RogueRain17 the Demonspawn Gladiator began the quest for
                  | the Orb.
     0 | D:1      | Reached XP level 1. HP: 16/16 MP: 1/1
   496 | D:1      | Gained mutation: Spells you cast may paralyse adjacent
                  | enemies. [demonic ancestry]
   496 | D:1      | Reached XP level 2. HP: 20/22 MP: 2/2
  1202 | D:1      | Found Bahiheo's Distillery.
  1380 | D:2      | Reached skill level 1 in Armour
  1380 | D:2      | Gained mutation: Your touch may inflict minor irresistible
                  | damage on your foes. [demonic ancestry]
  1380 | D:2      | Reached XP level 3. HP: 23/27 MP: 3/3
  2510 | D:3      | Noticed Ijyb
  2536 | D:3      | Reached skill level 1 in Short Blades
  2807 | D:3      | Killed Ijyb
  2808 | D:3      | Gained mutation: You have a somewhat thin skeletal
                  | structure. (Dex +2, Stealth+) [demonic ancestry]
  2808 | D:3      | Reached XP level 4. HP: 25/33 MP: 4/4
  3194 | D:3      | Found an ornate altar of the Wu Jian Council.
  3273 | D:3      | Identified a scroll of acquirement
  3274 | D:3      | Acquired 773 gold pieces
  3313 | D:4      | Noticed a phantom
  3329 | D:4      | Killed a phantom
  3330 | D:4      | Reached XP level 5. HP: 26/38 MP: 5/5
  3428 | D:4      | Noticed an ogre
  3527 | D:4      | Killed an ogre
  3528 | D:4      | Gained mutation: You have a moderately thin skeletal
                  | structure. (Dex +4, Stealth++) [demonic ancestry]
  3528 | D:4      | Reached XP level 6. HP: 44/44 MP: 6/6
  3590 | D:4      | Found a staircase to the Ecumenical Temple.
  3598 | Temple   | Entered the Ecumenical Temple
  3908 | D:4      | Found a bloodstained altar of Trog.
  4056 | D:4      | Found a shimmering blue altar of Sif Muna.
  4347 | D:5      | Entered Level 5 of the Dungeon
  4534 | D:5      | Reached XP level 7. HP: 29/50 MP: 7/7
  4669 | D:5      | Reached skill level 5 in Short Blades
  5235 | D:5      | Noticed a vampire
  5244 | D:5      | Killed a vampire
  5245 | D:5      | Reached skill level 5 in Dodging
  5623 | D:6      | Gained mutation: Spells you cast may paralyse nearby
                  | enemies. [demonic ancestry]
  5623 | D:6      | Reached XP level 8. HP: 56/56 MP: 8/8
  6223 | D:6      | Noticed Edmund
  6373 | D:6      | Found a runed translucent door.
  6374 | D:6      | Noticed Crazy Yiuf
  6614 | D:6      | Killed Edmund
  7004 | D:7      | Found a flagged portal.
  7030 | Bailey   | Entered a bailey
  7082 | Bailey   | Reached XP level 9. HP: 15/61 MP: 9/9
  7704 | Bailey   | Found a bloodstained altar of Trog.
  7716 | Bailey   | Identified the +8 war axe of the Damp God {vorpal, rPois
                  | Will+ MP-9}
  8043 | D:7      | Found a blossoming altar of Fedhas.
  8523 | D:7      | Found a hazy altar of Hepliaklqana.
  8710 | D:7      | Reached skill level 10 in Short Blades
  9014 | D:8      | Found a runed translucent gate.
  9015 | D:8      | Found a runed translucent gate.
  9016 | D:8      | Found a runed translucent gate.
  9017 | D:8      | Noticed ikaterino's ghost (novice DsGl)
  9017 | D:8      | Noticed jimonade's ghost (journeyman DjFE)
  9018 | D:8      | Noticed RascalDebosk's ghost (novice MiBe)
  9096 | D:8      | Found an ancient bone altar of Kikubaaqudgha.
  9111 | D:8      | Found a basalt altar of Yredelemnul.
  9111 | D:8      | Noticed Maggie
  9118 | D:8      | Became a worshipper of Kikubaaqudgha
  9291 | D:8      | Reached skill level 1 in Necromancy
  9321 | D:8      | Found a burning altar of Makhleb.
  9367 | D:8      | Gained mutation: Your touch may inflict irresistible damage
                  | on your foes. [demonic ancestry]
  9367 | D:8      | Reached XP level 10. HP: 52/67 MP: 9/11
  9377 | D:8      | Reached skill level 1 in Spellcasting
  9377 | D:8      | Reached skill level 2 in Necromancy
  9615 | D:8      | Reached skill level 3 in Necromancy
  9861 | D:8      | Reached skill level 4 in Necromancy
 10425 | D:9      | Found a snail-covered altar of Cheibriados.
 10503 | D:9      | Reached * piety under Kikubaaqudgha
 10503 | D:9      | Received a gift from Kikubaaqudgha
 10618 | D:9      | Learned a level 1 spell: Necrotise
 10691 | D:9      | Reached skill level 5 in Necromancy
 10691 | D:9      | Found a broken altar of Ashenzari.
 11636 | D:9      | Reached skill level 6 in Necromancy
 11657 | D:9      | Learned a level 4 spell: Animate Dead
 11755 | D:10     | Entered Level 10 of the Dungeon
 11788 | D:10     | Found a staircase to the Orcish Mines.
 12134 | D:10     | Noticed Grum
 12147 | D:10     | Killed Grum
 12256 | D:10     | Found a shimmering altar of Xom.
 12623 | D:10     | Reached ** piety under Kikubaaqudgha
 12624 | D:10     | Reached skill level 7 in Necromancy
 12702 | D:10     | Noticed Nergalle
 12974 | D:10     | Noticed Sonja
 13045 | D:11     | Noticed Snorg
 13083 | D:11     | Noticed a manticore
 13088 | D:11     | Noticed a rakshasa
 13370 | D:11     | Noticed a two-headed ogre
 13401 | Orc:1    | Entered Level 1 of the Orcish Mines
 13401 | Orc:1    | Noticed an orc knight
 13401 | Orc:1    | Noticed an orc sorcerer
 13401 | Orc:1    | Noticed an orc warlord
 13410 | D:10     | Reached XP level 11. HP: 45/72 MP: 14/14
 13557 | D:11     | Noticed Fannar
 13576 | D:11     | Noticed a four-headed hydra
 13614 | D:11     | Noticed a boulder beetle
 13635 | D:11     | Killed a four-headed hydra
 13638 | D:11     | Noticed a white ugly thing
 13655 | D:11     | Found a staircase to the Lair.
 13705 | Lair:1   | Entered Level 1 of the Lair of Beasts
 13903 | Lair:1   | Reached skill level 8 in Necromancy
 14469 | Lair:1   | Noticed a seven-headed hydra
 14513 | Lair:1   | Killed a seven-headed hydra
 14514 | Lair:1   | Reached skill level 10 in Dodging
 14514 | Lair:1   | Reached skill level 9 in Necromancy
 14940 | Lair:1   | Noticed Amaemon
 14945 | Lair:1   | Reached skill level 5 in Armour
 14957 | Lair:1   | Killed Amaemon
 14958 | Lair:1   | Reached skill level 10 in Necromancy
 16210 | Lair:2   | Reached skill level 11 in Necromancy
 16671 | Lair:2   | Gained mutation: A weak demonic guardian rushes to your
                  | aid. [demonic ancestry]
 16671 | Lair:2   | Reached XP level 12. HP: 75/78 MP: 15/15
 16729 | Lair:2   | Noticed a six-headed hydra
 16756 | Lair:2   | Killed a six-headed hydra
 17262 | Lair:2   | Found a staircase to the Shoals.
 17705 | Lair:3   | Noticed a six-headed hydra
 17725 | Lair:2   | Reached skill level 12 in Necromancy
 18063 | Lair:3   | Killed a six-headed hydra
 18066 | Lair:3   | Reached *** piety under Kikubaaqudgha
 18066 | Lair:3   | Received a gift from Kikubaaqudgha
 18368 | Lair:3   | Reached skill level 13 in Necromancy
 18613 | Lair:3   | Learned a level 4 spell: Dispel Undead
 18675 | Lair:3   | You fall into a shaft and drop 1 floor!
 18935 | Lair:4   | Found a runed translucent door.
 18935 | Lair:4   | Noticed an azure jelly
 18936 | Lair:4   | Found a staircase to the Slime Pits.
 18936 | Lair:4   | Noticed an azure jelly
 18975 | Lair:4   | Found a frozen archway.
 18994 | Lair:4   | Reached skill level 14 in Necromancy
 19197 | Lair:4   | Learned a level 6 spell: Death Channel
 19199 | IceCv    | Entered an ice cave
 20551 | IceCv    | Slain by a harpy simulacrum

Illustrated notes

Levels and vault maps discovered:
D:1:      spicycebolla_arrival_ecumenical, layout_rooms, serial_shops,
          nicolae_shop_hallway_stairs
D:2:      layout_basic, glass_columns_b
D:3:      layout_basic, nzn_wu_jian_contemplation, uniq_ijyb
D:4:      layout_cave_pools, amcnicky_altar_gilded, bloody_trog,
          minmay_temple_entry_wispy
D:5:      layout_cave_pools, minmay_small_thing
D:6:      layout_loops_ring, uniq_crazy_yiuf_cottage, uniq_edmund
D:7:      layout_loops_corners, nicolae_hepliaklqana_hippocampus,
          fedhas_altar_decomposition, lightli_bailey_entry_fortress,
          bh_walls_and_bars
D:8:      layout_loops_ring, overflow_temple_1_default,
          mainiacjoe_overflow_large_starburst, gammafunk_ghost_cemetery,
          uniq_maggie
D:9:      layout_roguey, cheibrodos_ashenzari_chains, zin_scriptorium,
          mainiacjoe_overflow_24_doors, special_room [special_room_orc],
          nicolae_eternal_life
D:10:     layout_irregular_city, mainiacjoe_overflow_alcove_4, orc_0_dummy,
          kennysheep_generic_room_12, uniq_sonja, uniq_grum, uniq_nergalle
D:11:     layout_rooms, erik_lair_orcish_takeover, serial_shops, shop_fountains,
          uniq_snorg, uniq_fannar
Temple:   compressed_dpeg_circular_temple
Lair:1:   layout_cave_pods, uniq_amaemon
Lair:2:   layout_layer_cave, minmay_shoals_entry_hut
Lair:3:   layout_cave_shapes, nicolae_spider_entry_tight_spaces,
          grunt_megastairs_5
Lair:4:   layout_long_grid, slime_entry_2, portal_ice_cave_entry_ice_simulacra,
          nzn_sisyphean_effort
Orc:1:    layout_caves, elf_legates
IceCv:    ice_cave_caverns_01

Skill      XL: |  1  2  3  4  5  6  7  8  9 10 11 12 |
---------------+-------------------------------------+-----
Unarmed Combat | 3 |  3.4
Armour         | 1 3 6 8 |  8.2
Dodging        | 3 4 5 6 8 9 10 | 10.0
Short Blades   | 1 3 4 6 8 10 | 10.0
Necromancy     | 1 7 11 14 | 14.2
Spellcasting   | 2 |  2.0
Fighting       | |  2.0
Throwing       | |  1.7

Action                   |  1- 3 |  4- 6 |  7- 9 | 10-12 || total
-------------------------+-------+-------+-------+-------++-------
Melee: Unarmed           |   107 |       |       |       ||   107
       Dagger            |    52 |    85 |   276 |   569 ||   982
       Touch             |    10 |    15 |    43 |   129 ||   197
       Punch             |     1 |       |     4 |    19 ||    24
Throw: Throwing net      |       |       |     1 |       ||     1
       Dart              |       |       |     2 |     6 ||     8
       Boomerang         |       |       |       |     1 ||     1
 Cast: Animate Dead      |       |       |       |    17 ||    17
       Dispel Undead     |       |       |       |    11 ||    11
       Death Channel     |       |       |       |     1 ||     1
Invok: Unearth Wretches  |       |       |       |     6 ||     6
Evoke: Wand              |       |     5 |    16 |    20 ||    41
  Use: Scroll            |       |     7 |     6 |    18 ||    31
       Potion            |       |     1 |     1 |     5 ||     7
 Stab: Sleeping          |     1 |     5 |     7 |    16 ||    29
       Distracted        |       |       |     1 |     4 ||     5
       Invisible         |       |       |     4 |     3 ||     7
       Paralysed         |       |       |     1 |    10 ||    11
Armor: Leather armour    |    47 |    17 |    22 |    35 ||   121
       Skin              |       |       |       |    12 ||    12
Dodge: Dodged            |   109 |    39 |   111 |   259 ||   518
Block: Other             |       |       |     9 |    72 ||    81
       Reflection        |       |       |     2 |     4 ||     6
